AoeStats
← BSHammer

MegaRandom

508578717Analyzed
4v4 RM · 10d ago on Sep 23, 2026· 38m 7s· 8 players
Game mode
Random Map
Map size
Large (8 player)
Population
200
Speed
Normal
Resources
Standard
Victory
Conquest
Starting age
Dark Age
Ending age
Imperial Age
RankedLock teamsTeams togetherTeam positionsShared explorationLock speedFull tech treeHidden civsTurbo modeCheats
Victory
Defeat
🇲🇽 Britons · Mexico
1628
+14
🇨🇳 Vikings · China
1593
+15
🇵🇪 Magyars · Peru
1575
+16
🇲🇽 Danes · Mexico
1477
+21
🇺🇸 Saxons · United States
1609
-18
🇺🇸 Danes · United States
1606
-18
🇺🇸 Saxons · United States
1549
-15
🇺🇸 Varangians · United States
1545
-15
HK | El Chairo
6:19 Loom
8:28 Feudal Age
12:14 Double-Bit Axe
14:41 Fletching
18:00 Horse Collar
18:41 Padded Archer Armor
23:37 Castle Age
21:44 Gold Mining
24:20 Bodkin Arrow
24:05 Crossbowman
25:57 Ballistics
26:44 Horse Collar
30:36 Bow Saw
31:05 Wheelbarrow
37:00 Heavy Plow
[GDL] Zuko
9:36 Feudal Age
11:28 Double-Bit Axe
13:34 Horse Collar
16:49 Loom
20:41 Castle Age
19:36 Scale Barding Armor
20:16 Forging
22:04 Wheelbarrow
22:15 Bow Saw
22:06 Heavy Plow
23:12 Gold Mining
24:32 Gold Shaft Mining
25:39 Bloodlines
27:13 Husbandry
27:58 Chain Barding Armor
29:15 Iron Casting
29:02 Town Watch
32:04 Hand Cart
32:40 Fletching
36:36 Imperial Age
35:02 Masonry
35:29 Man-at-Arms
36:10 Squires
35:55 Gambesons
35:56 Arson
36:59 Ballistics
36:57 Bodkin Arrow
37:05 Scale Mail Armor
37:51 Bracer
Longbow
6:33 Loom
8:50 Feudal Age
9:50 Double-Bit Axe
10:33 Horse Collar
18:18 Castle Age
19:12 Bow Saw
21:36 Wheelbarrow
22:18 Fletching
22:54 Bodkin Arrow
24:11 Husbandry
25:47 Padded Archer Armor
26:13 Gold Mining
28:28 Ballistics
29:10 Hand Cart
29:19 Bloodlines
29:22 Town Watch
35:07 Imperial Age
33:16 Thumb Ring
33:27 Leather Archer Armor
33:49 Heavy Plow
35:27 Gold Shaft Mining
35:49 Bracer
36:50 Chemistry
35:12 Heavy Cavalry Archer
36:43 Parthian Tactics
37:14 Recurve Bow
38:34 Ring Archer Armor
38:26 Conscription
yesila
10:53 Feudal Age
11:58 Double-Bit Axe
15:55 Castle Age
15:29 Gold Mining
15:25 Horse Collar
16:42 Scale Mail Armor
17:17 Bow Saw
20:35 Squires
22:02 Gold Mining
23:38 Loom
26:14 Stone Mining
31:31 Imperial Age
30:56 Ballistics
33:59 Chemistry
34:48 Heavy Plow
37:10 Two-Man Saw
36:39 Conscription
37:33 Heavy Scorpion
Xumpy
6:36 Loom
9:16 Feudal Age
9:27 Man-at-Arms
14:42 Fletching
21:22 Castle Age
20:46 Padded Archer Armor
21:25 Double-Bit Axe
22:02 Bodkin Arrow
21:29 Crossbowman
23:15 Bow Saw
22:46 Horse Collar
22:59 Gold Mining
25:02 Ballistics
26:18 Leather Archer Armor
28:53 Wheelbarrow
28:03 Town Watch
41:05 Imperial Age
Lucas Ducas
8:52 Loom
11:06 Feudal Age
11:33 Double-Bit Axe
12:34 Fishing Lines
13:43 Town Watch
14:33 Wheelbarrow
13:45 Town Watch
15:56 Forging
16:27 Scale Barding Armor
18:04 Horse Collar
21:11 Bloodlines
23:15 Castle Age
22:03 Bloodlines
21:51 Gold Mining
24:23 Chain Barding Armor
24:17 Medium Warships
24:40 Husbandry
24:57 Bow Saw
31:22 Iron Casting
33:28 Fletching
35:48 Bodkin Arrow
36:40 Hand Cart
BSHammer
10:56 Feudal Age
15:13 Castle Age
18:57 Loom
28:20 Scale Barding Armor
28:12 Double-Bit Axe
28:55 Forging
29:36 Chain Barding Armor
29:48 Bloodlines
30:24 Horse Collar
31:48 Vendel Legacy
Harristotle
9:40 Feudal Age
14:13 Castle Age
13:02 Scale Mail Armor
13:30 Double-Bit Axe
13:37 Loom
28:47 Wheelbarrow
35:38 Imperial Age
35:01 Man-at-Arms
35:26 Gambesons
35:59 Chain Mail Armor
35:54 Forging
35:46 Long Swordsman
36:54 Two-Handed Swordsman
Connection lost

Rejoining the realm…

Still unreachable

The connection could not be restored.

Session expired

The server has moved on; the page needs a fresh start.